Duran, chaotic male orcish Priest ----------- ------ |.........| |....-# |.........| |....| |.........| |....-##########---------########-.........| |....| #........| |.........| --.--- |.......| |.........| # |.......| ---------.- ) |........## # ----+------ # --------- # ####### |.........| ) ### -----.- #-.........| # # |{....-## ###|.d@......| ---------.----- ###|..<..| # # |...f.....| |.............| #......|############ +.>.......| |.............| ------- ----------- |.............| --------------- Duran the Acolyte Experience level: 5 Strength: 14 Dexterity: 12 Constitution: 11 Intelligence: 10 Wisdom: 16 Charisma: 14 Health: 0(31) Energy: 33(42) Def: 3 Gold: 1536 Moves: 3647 Dungeon seed: 6-XcRyvg5fc9qzXb Game ID: Duran_1520537904 Your Inventory: Coins $ - 1536 gold pieces Weapons a - a blessed very rusty +1 mace (weapon in hand) B - 6 uncursed +1 darts (in quiver) Armor e - an uncursed +0 robe (being worn) n - an uncursed +0 orcish shield q - an uncursed +0 pair of water walking boots (being worn) Scrolls z - 2 uncursed scrolls of blank paper A - an uncursed scroll of teleportation D - an uncursed scroll of stinking cloud Potions b - 4 potions of holy water k - an uncursed potion of levitation p - an uncursed potion of confusion t - a blessed potion of gain energy u - an uncursed potion of sleeping I - 2 uncursed potions of object detection J - an uncursed potion of paralysis Wands m - an uncursed wand of speed monster (0:0) x - an uncursed wand of light (0:12) Tools h - an uncursed oil lamp (0:1103) o - an uncursed credit card s - an uncursed magic whistle K - an uncursed +0 unicorn horn M - an uncursed mirror Spells and supernatural/magical abilities: Name Level Category Fail Memory l - light 1 divination 0% 96% n - detect monsters 1 divination 0% 95% p - protection 1 clerical 0% 95% D - drain life 2 attack 45% 97% H - speed monster 3 escape 90% 95% W - pray for help -- divine ? -- X - turn undead -- divine ? -- Your skills at the end: Fighting Skills wands [Basic] Weapon Skills mace [Basic] dart [Basic] Spellcasting Skills clerical spells [Basic] Final Attributes: You were immune to poison. You were telepathic. You had infravision. You could walk on water. You angered your god 512 turns ago. You are dead (2nd time!). Vanquished creatures: 2 leprechauns a white unicorn an imp a water nymph a mountain nymph a rock piercer 2 rock moles a shrieker a violet fungus a red naga hatchling a golden naga hatchling a gray ooze a paper golem 2 little dogs a floating eye a kitten 2 giant bats 3 werejackals 4 iguanas a coyote a large kobold a giant rat 3 yellow molds a red mold 5 gnomes a gnome zombie 2 geckos 11 jackals 4 kobolds 5 sewer rats 4 grid bugs 2 lichens 7 newts 76 creatures vanquished. Voluntary challenges: You had been an atheist until turn 3135. You used a wielded weapon 78 times, starting on turn 51. You read items or engraved 18 times, starting on turn 474. You never genocided any monsters. You never polymorphed an object. You never changed form. You used no wishes. You never split a pudding. You wrote Elbereth's name 1 time, starting on turn 1362. You violated your moral code, losing 32 points of alignment, starting on turn 2818. Dungeon overview: The Dungeons of Doom: levels 1 to 10 Level 1 a fountain a long staircase Level 2 a vault Level 3 a general store, a fountain, a sink, a vault Level 4 a long staircase Level 5 many fountains Level 6 an altar to Odin, a sink a long staircase Level 7 Level 8 an altar to Loki, a fountain Level 9 an altar to Odin Level 10 <- You were here a fountain History has recorded: On T:1 you entered the Dungeons of Doom to retrieve the Amulet of Yendor! On T:202 you reached level 2 of The Dungeons of Doom. On T:466 you advanced to experience level 2. On T:512 you reached level 3 of The Dungeons of Doom. On T:838 you reached level 4 of The Dungeons of Doom. On T:1110 you reached level 5 of The Dungeons of Doom. On T:1294 you advanced to experience level 3. On T:1553 you advanced to experience level 4. On T:1610 you reached level 6 of The Dungeons of Doom. On T:2494 you reached level 7 of The Dungeons of Doom. On T:2908 you reached level 8 of The Dungeons of Doom. On T:3058 you reached level 9 of The Dungeons of Doom. On T:3092 you reached level 10 of The Dungeons of Doom. On T:3135 you averted death On T:3139 you advanced to experience level 5. Score breakdown: Gold: 1536 (10839 points) Experience: 5 levels (11141 points) Exploration: 10 levels ( 21.28%) (13269 points) Discoveries: 8 items ( 2.77%) ( 4991 points) Valuables value: (no points given unless you survive) Artifact value: 0 ( 0 points) Variety of kills: 33 monsters ( 8.68%) ( 8840 points) Turncount: 3647 turns ( -888 points) Survival: died (score multiplied by 80%) Total score: 38553 Latest messages: The door opens. You displace your large dog. The door opens. The jaguar hits! (2x) The jaguar bites! The jaguar suddenly seems weaker! The jaguar hits! (2x) The jaguar bites! You hit the jaguar. The jaguar hits! (2x) The jaguar bites! Please move the cursor to an unknown object. A jaguar [seen: normal vision, infravision] on the floor of a room. Done. You write in the dust with your fingers. The jaguar hits! (2x) You die... Final status: Goodbye Duran the Priest, killed by a jaguar... You died in The Dungeons of Doom on dungeon level 10 with 38553 points, and 1536 pieces of gold, after 3647 moves. You were level 5 with a maximum of 31 hit points when you died.